 Dungeon Crawl Stone Soup version 0.32-a0-612-g1c984fe9d1 (webtiles) character file.

Game seed: 4797551391022625154

280 growler the Charlatan (level 6, -1/48 HPs)
             Began as a Coglin Artificer on Mar 4, 2024.
             Slain by Pikel
             ... wielding a +0 whip of freezing
              (3 damage)
             ... on level 3 of the Dungeon.
             The game lasted 00:06:50 (3426 turns).

growler the Charlatan (Coglin Artificer)            Turns: 3426, Time: 00:06:52

Health: -1/48      AC:  5    Str: 15    XL:     6   Next: 27%
Magic:  6/6        EV: 11    Int: 10    God:
Gold:   132        SH:  0    Dex: 14    Spells: 5/5 levels left

rFire   . . .        p - +2 dagger (speed) {Branko}
rCold   . . .        g - +0 rapier {Consuela}
rNeg    . . .        b - +0 leather armour
rPois   .            j - +0 helmet
rElec   .            (no cloak)
rCorr   .            (no gloves)
SInv    .            o - +0 pair of boots
Will    .....        (amulet unavailable)
Stlth   +            (ring unavailable)
HPRegen 0.28/turn    (ring unavailable)
MPRegen 0.10/turn    (no gizmo)

%: no passive effects
@: revved
A: off-hand wielding, slow wielding, warmup strikes, no jewellery
a: Invent Gizmo


You were on level 3 of the Dungeon.
You visited 1 branch of the dungeon, and saw 4 of its levels.

You collected 132 gold pieces.

Inventory:

Hand Weapons
 a - a +0 club {Demetirus}
 f - a +0 dagger {Yeongsuk}
 g - a +0 rapier (offhand) {Consuela}
 p - a +2 dagger of speed (weapon) {Branko}
Missiles
 m - 8 poisoned darts
Armour
 b - a +0 leather armour (worn)
 j - a +0 helmet (worn)
 o - a +0 pair of boots (worn)
Wands
 c - a wand of flame (12) (quivered)
 d - a wand of charming (14)
 e - a wand of iceblast (10)
Scrolls
 h - a scroll of enchant armour {unknown}
 i - a scroll of immolation {unknown}
 k - a scroll of vulnerability {unknown}
Potions
 l - 2 potions of cancellation
 n - a potion of ambrosia


   Skills:
 + Level 3.6 Fighting
 + Level 2.7 Short Blades
 - Level 1.7 Armour
 - Level 0.8 Dodging
 - Level 0.7 Stealth
 + Level 6.1 Evocations


You had 5 spell levels left.
You didn't know any spells.
Your spell library contained the following spells:

 Spells                   Type           Power      Damage    Failure   Level
 Shock                    Conj/Air       0%         1d3       43%         1
 Cigotuvi's Dreadful Rot  Necr/Alch/Air  0%         N/A       56%         2
 Swiftness                Air            0%         N/A       80%         3
 Airstrike                Air            0%         2d(0-16)  99%         4
 Ignite Poison            Fire/Alch      0%         N/A       99%         4
 Freezing Cloud           Conj/Ice/Air   0%         6-21      100%        5


Dungeon Overview and Level Annotations

Branches:
Dungeon (4/15)
 Temple: D:4-7

Altars:
Nemelex Xobeh

Annotations:
D:3 Pikel


Innate Abilities, Weirdness & Mutations

You can wield a second weapon in your off-hand.
It takes a long time for you to wield or remove held weapons.
Your first few attacks do less damage.
You cannot equip rings or amulets.


Message History

Pikel freezes you.
You barely miss Pikel with your +2 dagger of speed.
Pikel is lightly wounded.
You closely miss Pikel with your +0 rapier.
Pikel hits you but does no damage.
You barely miss Pikel with your +0 rapier.
Pikel is lightly wounded.
You hit Pikel but do no damage. You hit Pikel with your +0 rapier.
Pikel is moderately wounded.
You closely miss Pikel with your +2 dagger of speed.
Pikel hits you with a +0 whip of freezing.
Pikel freezes you.
You hit Pikel with your +0 rapier.
Pikel is moderately wounded.
You hit Pikel but do no damage.
Pikel hits you with a +0 whip of freezing.
Pikel freezes you.
You hit Pikel but do no damage.
Pikel is moderately wounded.
You hit Pikel with your +2 dagger of speed.
Pikel hits you with a +0 whip of freezing!
Pikel freezes you.
You closely miss Pikel with your +2 dagger of speed.
Pikel is moderately wounded.
You hit Pikel but do no damage.
Pikel says, "You'll feel the lick of my whip!"
Pikel hits you with a +0 whip of freezing.
* * * LOW HITPOINT WARNING * * *
Pikel freezes you.
* * * LOW HITPOINT WARNING * * *
Aiming: Iceblast
Press: ? - help, Shift-Dir - straight line The mass of ice explodes!
The iceblast engulfs Pikel!!
Pikel is almost dead.
Pikel hits you with a +0 whip of freezing!
* * * LOW HITPOINT WARNING * * *
Pikel freezes you.
You die...
Pikel says, "See you in Hell!"

#.##.##.#.# #....# #...)#÷≈.≈.
#.##....#.# #....# #....#.≈.≈≈
#.##.####.####....# #......≈...
#....#.......+....### ####...≈≈≈≈
..#..#....####......# #.#.....
#.#.<'..............######.#.####
#.##.#....##........##.....#.#
#.##.#......#.##K...##.#####.####
...#.######.#.##@...##.#...#.....
####.# #.#.###....#.#...####.#
.....# #.#.# #....'.#...####÷#
###### ####.#.###....###.#......#
#....#........# #.....##.#
#.###################.#### #.#
#..........>.........
#.####.###.#.######...####
#.#....# #.#..).......#


You could see Pikel.

Vanquished Creatures
  2 kobold brigands (D:3)
  Terence (D:3)
  3 adders
  A dart slug (D:2)
  A ribbon worm (D:3)
  9 ball pythons
  6 bats
  9 endoplasms
  6 giant cockroaches
  8 goblins
  7 hobgoblins
  10 kobolds
  3 quokkas
  5 frilled lizards
  5 rats
76 creatures vanquished.

Notes
Turn   | Place    | Note
-------+----------+-------------------------------------------
     0 | D:1      | growler the Coglin Artificer began the quest for the Orb.
     0 | D:1      | Reached XP level 1. HP: 15/15 MP: 1/1
   150 | D:1      | Reached XP level 2. HP: 4/21 MP: 2/2
   729 | D:1      | Reached XP level 3. HP: 27/27 MP: 3/3
  1110 | D:2      | Reached skill level 1 in Short Blades
  1283 | D:2      | Reached skill level 5 in Evocations
  1283 | D:2      | Reached XP level 4. HP: 33/34 MP: 4/4
  1613 | D:2      | Found a faded altar of an unknown god.
  1889 | D:3      | Found a sparkling altar of Nemelex Xobeh.
  2070 | D:3      | Noticed Terence
  2086 | D:3      | Killed Terence
  2180 | D:3      | Reached XP level 5. HP: 32/40 MP: 5/5
  2234 | D:3      | Identified the +0 robe of the Dice {+Inv Will- Str+4}
  2691 | D:3      | Noticed a kobold brigand
  2787 | D:3      | Noticed a kobold brigand
  2815 | D:3      | Killed a kobold brigand
  2987 | D:3      | Killed a kobold brigand
  2988 | D:3      | Reached skill level 6 in Evocations
  2988 | D:3      | Reached XP level 6. HP: 12/47 MP: 6/6
  3411 | D:4      | Noticed Pikel
  3426 | D:3      | HP: 2/48 [Pikel/+0 whip of freezing (9)]
  3426 | D:3      | Slain by Pikel

Illustrated notes

Levels and vault maps discovered:
D:1:      dpeg_arrival_pits, layout_basic
D:2:      layout_loops_ring, hellmonk_ecumenical_altar_crossroads, corexii_shack
D:3:      cheibrodos_thug_alley, layout_basic,
          mainiacjoe_overflow_concentric_impassable, uniq_terence
D:4:      layout_basic, nicolae_hepliaklqana_hippocampus, uniq_ijyb,
          uniq_blork_the_orc, uniq_pikel

Skill      XL: |  1  2  3  4  5 |
---------------+----------------+-----
Fighting       | 2 3 |  3.6
Short Blades   | 1 2 |  2.7
Evocations     | 5 6 |  6.1
Armour         | |  1.7
Dodging        | |  0.8
Stealth        | |  0.7

Action                     |  1- 3 |  4- 6 || total
---------------------------+-------+-------++-------
  Melee: Dagger            |    72 |   111 ||   183
         Club              |    18 |       ||    18
         Rapier            |    57 |   130 ||   187
  Evoke: Wand              |       |     7 ||     7
    Use: Scroll            |       |     2 ||     2
   Stab: Sleeping          |     8 |     2 ||    10
 Armour: Leather armour    |    39 |    75 ||   114
  Dodge: Dodged            |    46 |    61 ||   107

Table legend: (Time is in decaauts)
 A = Elapsed time spent in this place.
 B = Non-inter-level travel time spent in this place.
 C = Inter-level travel time spent in this place.
 D = Time resting spent in this place.
 E = Time spent auto-exploring this place.
 F = Levels seen in this place.
 G = Mean time per level.
                   A        B        C        D        E       F      G
               +--------+--------+--------+--------+--------+-----+--------+
         Total |   3437 |   3320 |    117 |    103 |   2642 |   4 |  859.2 |
       Dungeon |   3437 |   3320 |    117 |    103 |   2642 |   4 |  859.2 |
               +--------+--------+--------+--------+--------+-----+--------+

Top non-repeatable levels by time:
     D:3: 1590 daAuts
     D:1: 1108 daAuts
     D:2: 733 daAuts
     D:4: 4 daAuts
